[Event "ICC tourney 1992 (90 10)"]
[Site "Internet Chess Club"]
[Date "2020.09.06"]
[Round "4"]
[White "tanishqchess"]
[Black "FlowingMelody"]
[Result "1-0"]
[ICCResult "Black checkmated"]
[WhiteElo "1434"]
[BlackElo "1279"]
[Opening "Giuoco Piano"]
[ECO "C54"]
[NIC "IG.02"]
[Time "15:32:51"]
[TimeControl "5400+10"]

1. e4 e5 2. Nf3 Nc6 3. Bc4 Bc5 4. c3 Nf6 5. d4 exd4 6. cxd4 Bb4+ 7. Nc3 Nxe4
8. O-O Bxc3 9. bxc3 O-O 10. Qd3 d5 11. Bb3 Bf5 12. Re1 Qd7 13. Qb5 Rfd8 14.
Qxb7 Nxc3 15. Bf4 Rdc8 16. Rac1 Rab8 17. Qa6 Rb6 18. Qa3 Ne4 19. Ba4 f6 20.
Nh4 Be6 21. f3 Nd6 22. Rxc6 Rxc6 23. Bxc6 Qxc6 24. Rxe6 Qd7 25. Re2 Nb5 26.
Qc5 g5 27. Nf5 Qxf5 28. Qxb5 Qxf4 29. Qxd5+ Kf8 30. Qc5+ Qd6 31. Qxa7 Re8
32. Rxe8+ Kxe8 33. Qc5 Qe6 34. h3 Qxa2 35. Qxc7 Qa1+ 36. Kh2 Qxd4 37. Qxh7
Qf4+ 38. Kg1 Qc1+ 39. Kf2 Qd2+ 40. Kg1 Qc1+ 41. Kf2 Qb2+ 42. Kg3 Qe5+ 43.
Kf2 Qd4+ 44. Ke2 Qb2+ 45. Kf1 Qc1+ 46. Ke2 Qb2+ 47. Ke3 Qc1+ 48. Kd4 Qb2+
49. Kd5 Qd2+ 50. Ke6 Qa2+ 51. Kxf6 Qb2+ 52. Kxg5 Qe5+ 53. Qf5 Qe7+ 54. Kg4
Qg7+ 55. Qg5 Qd7+ 56. Kg3 Qc7+ 57. Qf4 Qg7+ 58. Kh2 Ke7 59. g4 Qb2+ 60. Kg3
Qb1 61. Qe3+ Kf7 62. Qf4+ Kg7 63. g5 Qe1+ 64. Kg4 Qg1+ 65. Kh5 Qa7 66. Qf6+
Kg8 67. g6 Qc5+ 68. Kg4 Qg1+ 69. Kf4 Qc1+ 70. Kg4 Qg1+ 71. Kf5 Qb1+ 72. Ke6
Qb3+ 73. Ke7 Qb7+ 74. Ke8 Qb5+ 75. Ke7 Qb7+ 76. Ke6 Qb6+ 77. Ke5 Qb5+ 78.
Kf4 Qc4+ 79. Kg5 Qc1+ 80. Kh5 Qc5+ 81. Qg5 Qc8 82. h4 Qf8 83. Qd5+ Kh8 84.
f4 Qxf4 85. Qd8+ Kg7 86. Qd7+ Kg8 87. Qh7+ Kf8 88. Qh6+ Qxh6+ 89. Kxh6 Kg8
90. g7 Kf7 91. Kh7 Kf6 92. g8=Q Kf5 93. Qg6+ Kf4 94. Kg7 Ke5 95. h5 Kd4 96.
h6 Ke5 97. h7 Kd4 98. h8=Q Kd5 99. Qg4 Kc5 100. Qhh5+ Kd6 101. Qgg6+ Kd7
102. Qd5+ Ke7 103. Qgf7# {Black checkmated} 1-0

[Event "ICC tourney 1992 (90 10)"]
[Site "Internet Chess Club"]
[Date "2020.09.06"]
[Round "4"]
[White "kkhanna"]
[Black "nschneider"]
[Result "1-0"]
[ICCResult "Black resigns"]
[WhiteElo "1359"]
[BlackElo "158"]
[Opening "Queen's pawn game"]
[ECO "D02"]
[NIC "QP.08"]
[Time "15:33:42"]
[TimeControl "5400+10"]

1. d4 d5 2. Nf3 e6 3. g3 Nf6 4. Bg2 c6 5. O-O Bd6 6. c4 dxc4 7. Ne5 Bxe5 8.
dxe5 Nd5 9. Nd2 b5 10. Ne4 O-O 11. b3 cxb3 12. Qxb3 a5 13. Nd6 Nd7 14. f4
Qb6+ 15. Kh1 Nc5 16. Qf3 Bb7 17. Be3 Nxe3 18. Qxe3 Nd7 19. Qxb6 Nxb6 20.
Nxb7 Nd5 21. Bxd5 cxd5 22. Nd6 b4 23. Rfc1 Rab8 24. Rc5 a4 25. Rb1 Rb6 26.
Ra5 b3 27. axb3 axb3 28. Rb5 Rfb8 29. R1xb3 Rxb5 30. Rxb5 Rxb5 31. Nxb5 Kf8
32. Kg2 Ke7 33. Kf2 Kd7 34. Ke3 Kc6 35. Nd6 f6 36. Kd4 f5 37. h3 Kd7 38. g4
g6 39. gxf5 gxf5 40. h4 h5 41. Kc5 Ke7 42. Kc6 Kd8 43. Nf7+ Ke7 44. Ng5 d4
45. Nf3 Ke8 46. Nxd4 Ke7 47. e3 Ke8 48. Kd6 Kf7 49. Nxe6 Ke8 50. Ng7+ Kd8
51. e6 {Black resigns} 1-0

[Event "ICC tourney 1992 (90 10)"]
[Site "Internet Chess Club"]
[Date "2020.09.06"]
[Round "4"]
[White "haarim"]
[Black "BurlyTest"]
[Result "1/2-1/2"]
[ICCResult "Game drawn by mutual agreement"]
[WhiteElo "1309"]
[BlackElo "1504"]
[Opening "Alekhine's defense: Scandinavian variation"]
[ECO "B02"]
[NIC "AL.10"]
[Time "15:33:13"]
[TimeControl "5400+10"]

1. e4 Nf6 2. Nc3 d5 3. exd5 Nxd5 4. Bc4 Nxc3 5. Qf3 e6 6. Qxc3 Nc6 7. Nf3
Qf6 8. Qxf6 gxf6 9. Bb5 Bd7 10. a3 O-O-O 11. Be2 Bd6 12. d3 Ne5 13. Nxe5
Bxe5 14. Bf3 Bb5 15. Bd2 Ba6 16. O-O-O b6 {Game drawn by mutual agreement}
1/2-1/2

[Event "ICC tourney 1992 (90 10)"]
[Site "Internet Chess Club"]
[Date "2020.09.06"]
[Round "4"]
[White "ChunkyApple"]
[Black "Abhinac123"]
[Result "0-1"]
[ICCResult "White resigns"]
[WhiteElo "1251"]
[BlackElo "1458"]
[Opening "two knights defense"]
[ECO "C58"]
[NIC "KP.01"]
[Time "15:32:59"]
[TimeControl "5400+10"]

1. e4 e5 2. Nf3 Nc6 3. Bc4 Nf6 4. Ng5 d5 5. exd5 Na5 6. Bd3 Qxd5 7. O-O Be7
8. Nc3 Qd8 9. Re1 Bd6 10. f4 Bc5+ 11. Kh1 Ng4 12. Nge4 f5 13. Be2 Nf2+ 14.
Nxf2 Bxf2 15. Rf1 Qh4 16. Nd5 Bg3 17. h3 Qd8 18. fxe5 Qxd5 19. Bf3 Qxe5 20.
d3 Be6 21. Bd2 O-O-O 22. Bc3 Qc5 23. Qe2 Rhe8 24. Qd2 Nc6 25. Bxg7 Be5 26.
Bxc6 bxc6 27. Bxe5 Qxe5 28. c3 Qd5 29. d4 Rg8 30. b3 c5 31. Rae1 f4 32. Re5
Qc6 33. Rxc5 Qxc5 34. dxc5 Rxd2 35. Rxf4 Rdxg2 36. Rf1 Bd5 {White resigns}
0-1

[Event "ICC tourney 1992 (90 10)"]
[Site "Internet Chess Club"]
[Date "2020.09.06"]
[Round "4"]
[White "mutantpenguin"]
[Black "mnm1"]
[Result "1/2-1/2"]
[ICCResult "Game drawn by mutual agreement"]
[WhiteElo "1470"]
[BlackElo "1362"]
[Opening "Sicilian"]
[ECO "B50"]
[NIC "SI.01"]
[Time "15:32:59"]
[TimeControl "5400+10"]

1. e4 c5 2. Nf3 d6 3. c3 Nc6 4. Be2 Nf6 5. d4 cxd4 6. cxd4 Nxe4 7. d5 Qa5+
8. Nc3 Nxc3 9. bxc3 Ne5 10. Nxe5 Qxc3+ 11. Bd2 Qxe5 12. O-O Qxd5 13. Rb1 e6
14. Bb5+ Ke7 15. Qe2 Bd7 16. Rfc1 Rc8 17. Rxc8 Bxc8 18. Rc1 Kd8 19. Bb4 Bd7
20. Bxd7 {Game drawn by mutual agreement} 1/2-1/2

[Event "ICC tourney 1992 (90 10)"]
[Site "Internet Chess Club"]
[Date "2020.09.06"]
[Round "4"]
[White "irisl"]
[Black "rcstinson"]
[Result "1-0"]
[ICCResult "Black resigns"]
[WhiteElo "1335"]
[BlackElo "1452"]
[Opening "Philidor: Improved Hanham variation"]
[ECO "B07"]
[NIC "PU.08"]
[Time "15:32:52"]
[TimeControl "5400+10"]

1. e4 d6 2. d4 Nf6 3. Nc3 Nbd7 4. Nf3 e5 5. Be3 Be7 6. h3 c6 7. Bd3 Qc7 8.
Qd2 O-O 9. O-O h6 10. Rad1 b5 11. a3 a5 12. b4 axb4 13. axb4 d5 14. dxe5
Nxe4 15. Nxe4 dxe4 16. Bxe4 Bxb4 17. Qxb4 Ra4 18. Rxd7 Qxd7 19. Bh7+ Kxh7
20. Qxf8 Rc4 21. Qd6 Qxd6 22. exd6 Rxc2 23. Rd1 b4 24. d7 Bxd7 25. Rxd7 b3
26. Rd1 c5 27. Rc1 b2 28. Rb1 c4 29. Nd4 Rc1+ 30. Bxc1 c3 31. Bxb2 cxb2 32.
Rxb2 {Black resigns} 1-0

[Event "ICC tourney 1992 (90 10)"]
[Site "Internet Chess Club"]
[Date "2020.09.06"]
[Round "4"]
[White "NJLandshark"]
[Black "pusheen2019"]
[Result "1/2-1/2"]
[ICCResult "Game drawn by mutual agreement"]
[WhiteElo "1251"]
[BlackElo "1524"]
[Opening "English opening"]
[ECO "A20"]
[NIC "EO.24"]
[Time "15:32:52"]
[TimeControl "5400+10"]

1. c4 e5 2. g3 Nc6 3. Bg2 Bc5 4. Nc3 Nge7 5. e3 O-O 6. Nge2 d6 7. O-O Be6 8.
b3 d5 9. cxd5 Nxd5 10. Nxd5 Bxd5 11. Bxd5 Qxd5 12. Nc3 Qd7 13. Bb2 Nb4 14.
Ne4 Bd6 15. Nxd6 cxd6 16. d4 e4 17. f3 exf3 18. Rxf3 Rae8 19. a3 Nd5 20. Bc1
Qg4 21. Qf1 Nc3 22. Bb2 Ne4 23. Rf4 Qg6 24. Rd1 Ng5 25. Bc1 Qh5 26. Kh1 Re4
27. Rxe4 Nxe4 28. Kg1 Nf6 29. Re1 Ne4 30. Qe2 Qxe2 31. Rxe2 Rc8 32. Bb2 d5
33. Kg2 g5 34. g4 h6 35. h3 Kf8 {Game drawn by mutual agreement} 1/2-1/2

[Event "ICC tourney 1992 (90 10)"]
[Site "Internet Chess Club"]
[Date "2020.09.06"]
[Round "4"]
[White "Chessman67a"]
[Black "thihansa"]
[Result "1-0"]
[ICCResult "Black checkmated"]
[WhiteElo "1509"]
[BlackElo "1180"]
[Opening "Gedult's opening"]
[ECO "A00"]
[Time "15:33:26"]
[TimeControl "5400+10"]

1. f3 e6 2. f4 d5 3. Nf3 c5 4. e3 Nc6 5. d4 Qb6 6. c3 Nf6 7. Bd3 Be7 8. O-O
O-O 9. Nbd2 cxd4 10. exd4 Bd7 11. Ne5 Qd8 12. Qf3 g6 13. Qh3 Rc8 14. Ndf3
Nxe5 15. fxe5 Ne8 16. Bh6 Ng7 17. Qg4 a6 18. Bg5 Bxg5 19. Nxg5 h6 20. Nxf7
Qe8 21. Qxg6 Rxf7 22. Qh7+ Kf8 23. Bg6 Nf5 24. Bxf7 Qxf7 25. Qxf7+ Kxf7 26.
g4 Ke7 27. gxf5 Rg8+ 28. Kh1 exf5 29. Rg1 Rh8 30. Rg7+ Ke6 31. Rag1 f4 32.
R1g6+ Kf5 33. Rf6+ Ke4 34. Rxd7 Rg8 35. Rdf7 Rg4 36. Rxf4+ Rxf4 37. Rxf4+
Kxf4 38. e6 Kf5 39. e7 Ke4 40. e8=Q+ Kd3 41. Qe5 Kc4 42. Qc7+ Kd3 43. Qxb7
Kc2 44. Qb3+ Kd3 45. Qxd5 Kc2 46. Qb3+ Kd3 47. d5 Ke4 48. d6 Ke5 49. d7 Ke4
50. d8=Q Ke5 51. Qd4+ Kf5 52. Qbd5+ Kg6 53. Qf4 a5 54. Qdf7# {Black
checkmated} 1-0

[Event "ICC tourney 1992 (90 10)"]
[Site "Internet Chess Club"]
[Date "2020.09.06"]
[Round "4"]
[White "kween26"]
[Black "ChessEric"]
[Result "1-0"]
[ICCResult "Black resigns"]
[WhiteElo "1247"]
[BlackElo "1270"]
[Opening "Four knights: Spanish variation"]
[ECO "C48"]
[NIC "KP.03"]
[Time "15:33:15"]
[TimeControl "5400+10"]

1. e4 e5 2. Nf3 Nc6 3. Nc3 Nf6 4. Bb5 d6 5. O-O Bg4 6. d3 Be7 7. h3 Bh5 8.
Bg5 h6 9. Be3 Qd7 10. Bxc6 Qxc6 11. Re1 a6 12. d4 exd4 13. Bxd4 O-O-O 14.
Qd3 Bg6 15. Bxf6 Bxf6 16. Nd4 Bxd4 17. Qxd4 f6 18. Nd5 Rde8 19. f3 Bf7 20.
Ne3 Be6 21. b3 b5 22. a4 Bd7 23. axb5 Qxb5 24. Qa7 Qb7 25. Qxa6 Bb5 26.
Qxb7+ Kxb7 27. c4 Bd7 28. Ra3 f5 29. exf5 Bxf5 30. Kf2 Bd3 31. Rea1 Re7 32.
b4 Bg6 33. Ra7+ Kc6 34. R1a6+ Kd7 35. Nd5 Rf7 36. Rxc7+ Ke6 37. Rxf7 Bxf7
38. Ra7 Rc8 39. Re7+ Kf5 40. Rxf7+ Kg6 41. Rc7 Ra8 42. b5 Kh7 43. b6 Kg8 44.
b7 Ra2+ 45. Kg3 {Black resigns} 1-0

[Event "ICC tourney 1992 (90 10)"]
[Site "Internet Chess Club"]
[Date "2020.09.06"]
[Round "4"]
[White "kinpin007"]
[Black "Cougar2020"]
[Result "0-1"]
[ICCResult "White resigns"]
[WhiteElo "1475"]
[BlackElo "1176"]
[Opening "QGD semi-Slav: 5.e3"]
[ECO "D45"]
[NIC "SL.08"]
[Time "15:32:52"]
[TimeControl "5400+10"]

1. d4 d5 2. c4 c6 3. e3 Nf6 4. Nc3 e6 5. Nf3 Be7 6. Bd3 O-O 7. O-O Nbd7 8.
Bd2 h6 9. Qc2 dxc4 10. Bxc4 b5 11. Be2 Bb7 12. a3 a6 13. Na2 Rc8 14. Bb4 c5
15. dxc5 Nxc5 16. Rfd1 Qb6 17. Rac1 Bd5 18. Nc3 a5 19. Nxd5 Nxd5 20. Bxc5
Bxc5 21. Qd3 Nxe3 22. Rxc5 Nxd1 23. Rxc8 Qxf2+ 24. Kh1 Rxc8 25. Qxd1 Qe3 26.
Ng1 g6 27. Qd3 Qxd3 28. Bxd3 b4 29. axb4 axb4 30. b3 Rc3 31. Bc4 Rc1 32. h3
e5 33. Kh2 Kf8 34. Kg3 Rxg1 {White resigns} 0-1

[Event "ICC tourney 1992 (90 10)"]
[Site "Internet Chess Club"]
[Date "2020.09.06"]
[Round "4"]
[White "kevin2010"]
[Black "DiamondUnicorn"]
[Result "0-1"]
[ICCResult "White resigns"]
[WhiteElo "1212"]
[BlackElo "658"]
[Opening "Queen's pawn game"]
[ECO "D04"]
[NIC "QP.08"]
[Time "15:33:44"]
[TimeControl "5400+10"]

1. d4 d5 2. Nf3 Nf6 3. e3 Bf5 4. Bd3 Bg6 5. O-O e6 6. Nbd2 Bxd3 7. cxd3 Bd6
8. Re1 Nc6 9. e4 dxe4 10. dxe4 e5 11. Nc4 Qe7 12. d5 Nb4 13. a3 Na6 14. b3
b5 15. Na5 Nd7 16. Nc6 Qf6 17. Bb2 O-O 18. Nh4 Qxh4 19. Qd3 Nac5 20. Qxb5 a6
21. Qe2 Nxb3 22. Rad1 Qf6 23. Rd3 Nbc5 24. Rh3 h6 25. Qg4 Qg6 26. Qf3 Rfe8
27. Rg3 Qf6 28. Qg4 Qg5 29. Qh3 Qd2 30. Rb1 Nxe4 31. Rf3 Ng5 32. Rd3 Nxh3+
{White resigns}
0-1

[Event "ICC tourney 1992 (90 10)"]
[Site "Internet Chess Club"]
[Date "2020.09.06"]
[Round "4"]
[White "Yamato1945"]
[Black "avaxu"]
[Result "0-1"]
[ICCResult "White checkmated"]
[WhiteElo "1405"]
[BlackElo "260"]
[Opening "QGD: exchange, positional line"]
[ECO "D35"]
[NIC "QO.16"]
[Time "15:32:59"]
[TimeControl "5400+10"]

1. d4 d5 2. c4 e6 3. Nc3 Nf6 4. cxd5 exd5 5. Bg5 Be7 6. e3 O-O 7. Nf3 Nbd7
8. Bd3 b6 9. O-O Bb7 10. Qc2 h6 11. Bf4 c5 12. Rac1 a6 13. Qd2 Ne4 14. Qc2
Ndf6 15. Nd2 Nxd2 16. Qxd2 c4 17. Bb1 Nh5 18. Qc2 Nf6 19. Be5 g6 20. Qe2 b5
21. a3 Nd7 22. Bf4 Kg7 23. Qf3 Nb6 24. Qg3 Bh4 25. Be5+ Kh7 26. Qf4 Bg5 27.
Qg3 Bh4 28. Qf3 Qd7 29. Qh5 Qe7 30. Bf4 Bg5 31. Ne2 Kg7 32. Be5+ Qxe5 33.
Qg4 Qe7 34. Kh1 Bc8 35. Qg3 Bh4 36. Qf3 Qf6 37. Nf4 Bg5 38. Qg3 Bxf4 39.
exf4 Bf5 40. Bxf5 Qxf5 41. Qh4 Qf6 42. Qg3 Qxd4 43. Rc3 Na4 44. Rcc1 Qxb2
45. f5 Qf6 46. fxg6 fxg6 47. Kg1 Qf4 48. Qh3 Rad8 49. Qe6 Qf6 50. Qh3 Nc5
51. f4 Qd4+ 52. Kh1 Rxf4 53. Rxf4 Qxf4 54. g4 Qxc1+ 55. Kg2 Qd2+ 56. Kg3
Qe3+ 57. Kh4 Qxh3+ 58. Kxh3 d4 59. g5 hxg5 60. a4 d3 61. Kg3 d2 62. Kh3 d1=Q
63. a5 Qf3# {White checkmated} 0-1

[Event "ICC tourney 1992 (90 10)"]
[Site "Internet Chess Club"]
[Date "2020.09.06"]
[Round "4"]
[White "kskariah"]
[Black "TheMoffattMan"]
[Result "0-1"]
[ICCResult "White checkmated"]
[WhiteElo "1343"]
[BlackElo "1469"]
[Opening "Sicilian defense"]
[ECO "B32"]
[NIC "SI.32"]
[Time "15:32:52"]
[TimeControl "5400+10"]

1. e4 c5 2. Nf3 Nc6 3. d4 cxd4 4. Nxd4 d6 5. Nc3 g6 6. Bc4 Bg7 7. Nf3 Nf6 8.
Be3 Ng4 9. Qd2 O-O 10. h3 Nge5 11. Nxe5 Nxe5 12. Bb3 b6 13. Bd5 Rb8 14. f4
Nd7 15. O-O-O Qc7 16. Nb5 Qd8 17. Nxa7 Bb7 18. Bxb7 Rxb7 19. Nc6 Qe8 20. f5
Nc5 21. Bxc5 bxc5 22. f6 Bxf6 23. e5 Bg7 24. Qd5 Rc7 25. exd6 exd6 26. Qxd6
Qxc6 27. Qxc6 Rxc6 28. Rhe1 c4 29. Re2 c3 30. b3 Bh6+ 31. Kb1 Bd2 32. Rf1
Rc7 33. g4 Ra8 34. Ref2 Rca7 35. a4 Rb7 36. Ka1 Ra5 37. Rf3 Re5 38. Ka2 Re2
39. R3f2 Rbe7 40. b4 Be1 41. Rxe2 Rxe2 42. Kb3 Bd2 43. Rh1 f5 44. gxf5 gxf5
45. Rf1 f4 46. b5 Kf7 47. Rf3 Ke6 48. Rd3 Re3 49. Kc4 Rxd3 50. Kxd3 Kd5 51.
Ke2 Kc4 52. b6 Be3 53. b7 Ba7 54. Kf3 Bb8 55. Ke4 Kc5 56. Kd3 Kc6 57. Kxc3
Kxb7 58. Kd3 Kb6 59. Ke4 Ka5 60. Kf3 Kxa4 61. Ke4 Kb4 62. Kf3 Kc3 63. Ke4
Kxc2 64. Kf3 Kd3 65. h4 h5 66. Kf2 Ke4 67. Ke2 f3+ 68. Kf2 Ba7+ 69. Kf1 Ke3
70. Ke1 Bb8 71. Kf1 Bg3 72. Kg1 Bxh4 73. Kf1 Bg3 74. Kg1 h4 75. Kf1 f2 76.
Kg2 Ke2 77. Kh3 f1=Q+ 78. Kg4 Qf4+ 79. Kh5 h3 80. Kg6 h2 81. Kg7 h1=Q 82.
Kg8 Qhh4 83. Kg7 Qff6+ 84. Kg8 Qhh8# {White checkmated} 0-1

[Event "ICC tourney 1992 (90 10)"]
[Site "Internet Chess Club"]
[Date "2020.09.06"]
[Round "4"]
[White "srsmv"]
[Black "joeandjoe28"]
[Result "1/2-1/2"]
[ICCResult "Game drawn by repetition"]
[WhiteElo "1250"]
[BlackElo "1474"]
[Opening "Ruy Lopez: 5.O-O"]
[ECO "C78"]
[NIC "RL.12"]
[Time "15:32:57"]
[TimeControl "5400+10"]

1. e4 e5 2. Nf3 Nc6 3. Bb5 a6 4. Ba4 Nf6 5. O-O b5 6. Bb3 Be7 7. d3 O-O 8.
Nc3 d6 9. h3 Re8 10. Be3 Bf8 11. Ng5 Be6 12. Nxe6 fxe6 13. f4 exf4 14. Rxf4
Na5 15. Qe2 Nxb3 16. axb3 d5 17. e5 Nd7 18. d4 c5 19. Raf1 cxd4 20. Bxd4 Bc5
21. Bxc5 Nxc5 22. Qg4 Ra7 23. b4 Na4 24. Ne2 Rae7 25. b3 Nb6 26. Nd4 Qc8 27.
Qg5 Nd7 28. Rg4 g6 29. Rff4 Rf7 30. Qh6 Rxf4 31. Qxf4 Rf8 32. Qg3 Qe8 33.
Nc6 Qf7 34. Kh2 Kg7 35. h4 Qf2 36. Qd3 Qf5 37. Qg3 Qf2 38. Qd3 Qb6 39. h5
Qxc6 40. Rxg6+ Kf7 41. Qf5+ exf5 42. Rxc6 Nxe5 43. Rxa6 Rc8 44. Rd6 Rxc2 45.
Rxd5 Ke6 46. Rxb5 Rc3 47. Rb6+ Kd7 48. Rb7+ Rc7 49. Rxc7+ Kxc7 50. Kg3 Kd6
51. Kf4 Ke6 52. b5 h6 53. b6 Nc6 54. b7 Kf6 55. b4 Ke6 56. b5 Nb8 57. b6 Kf6
58. g3 Ke6 59. Ke3 Ke5 60. Kf3 Kf6 61. Kf4 Nc6 62. Ke3 Kg5 63. Kd3 Kxh5 64.
Kc4 Kg6 65. Kc5 Nb8 66. Kd6 h5 67. Kc7 Na6+ 68. Kc8 h4 69. gxh4 f4 70. b8=Q
Nxb8 71. Kxb8 f3 72. Kc8 f2 73. b7 f1=Q 74. b8=Q Qf8+ 75. Kb7 Qb4+ 76. Kc8
Qc4+ 77. Qc7 Qg8+ 78. Qd8 Qc4+ 79. Qc7 Qg4+ 80. Qd7 Qc4+ 81. Qc7 Qg4+ 82.
Qd7 Qc4+ 83. Qc7 Qg8+ 84. Qd8 Qe6+ 85. Qd7 Qg8+ 86. Qd8 Qe6+ 87. Qd7 Qc4+
88. Qc7 Qg4+ 89. Qd7 Qc4+ 90. Qc7 Qe6+ 91. Qd7 {Game drawn by repetition}
1/2-1/2

[Event "ICC tourney 1992 (90 10)"]
[Site "Internet Chess Club"]
[Date "2020.09.06"]
[Round "4"]
[White "Supersky"]
[Black "Electryon"]
[Result "0-1"]
[ICCResult "White resigns"]
[WhiteElo "1293"]
[BlackElo "1390"]
[Opening "Queen's pawn game"]
[ECO "D04"]
[NIC "QP.08"]
[Time "15:32:50"]
[TimeControl "5400+10"]

1. d4 d5 2. Nf3 Nf6 3. e3 c6 4. Bd3 Bg4 5. Nbd2 e6 6. O-O Bd6 7. h3 Bh5 8.
b3 Nbd7 9. Bb2 O-O 10. Re1 a5 11. e4 dxe4 12. Nxe4 Nxe4 13. Bxe4 Nf6 14. a3
Nxe4 15. Rxe4 Bg6 16. Re3 Bf4 17. Re1 Qc7 18. Nh4 Rad8 19. Nxg6 hxg6 20. Qf3
Rd5 21. Rad1 Bg5 22. Re5 Bf6 23. Rxd5 cxd5 24. Qd3 Rc8 25. Rd2 b6 26. a4 Qd6
27. c3 Bd8 28. Rc2 Bc7 29. g3 e5 30. dxe5 Qxe5 31. Re2 Qh5 32. Kg2 Rd8 33.
Rd2 Qf5 34. Qd4 Qe5 35. Qxe5 Bxe5 36. Re2 Bf6 37. f4 d4 38. cxd4 Bxd4 39.
Bxd4 Rxd4 40. Re8+ Kh7 41. Rb8 Rb4 42. Rb7 f6 43. g4 Rxb3 44. h4 Rb4 45. Kg3
Rxa4 46. Rxb6 Ra3+ 47. Kg2 a4 48. Ra6 Ra1 49. Ra5 a3 50. h5 a2 51. hxg6+
Kxg6 52. f5+ Kg5 53. Ra4 Kh4 54. Kh2 Kg5 55. Kg2 g6 56. fxg6 Kxg6 57. Kh2
Kf7 58. Kg2 Ke6 59. Kf2 Kd5 60. Ra6 Ke5 61. Ra5+ Kd6 62. Ra6+ Kc5 63. Rxf6
Rf1+ 64. Kxf1 a1=Q+ 65. Kg2 Qxf6 66. Kg3 Qg5 67. Kf3 Kd4 68. Kg3 Ke3 69. Kh3
Kf3 70. Kh2 Qxg4 {White resigns} 0-1

[Event "ICC tourney 1992 (90 10)"]
[Site "Internet Chess Club"]
[Date "2020.09.07"]
[Round "5"]
[White "VirginiaGuy"]
[Black "Supersky"]
[Result "0-1"]
[ICCResult "White resigns"]
[WhiteElo "1489"]
[BlackElo "1331"]
[Opening "Sicilian: Alapin's variation (2.c3)"]
[ECO "B22"]
[NIC "SI.46"]
[Time "11:05:01"]
[TimeControl "5400+10"]

1. e4 c5 2. c3 e6 3. d4 cxd4 4. cxd4 Nf6 5. Nc3 Bb4 6. Bd3 O-O 7. Nf3 Qc7 8.
Qc2 d5 9. e5 Ne4 10. Bxe4 dxe4 11. Nd2 b6 12. O-O Bb7 13. Ndxe4 Qc6 14. Bd2
Bxc3 15. Qxc3 Qxe4 16. f3 Qd5 {White resigns} 0-1

[Event "ICC tourney 1992 (90 10)"]
[Site "Internet Chess Club"]
[Date "2020.09.07"]
[Round "5"]
[White "Kfprasanna"]
[Black "tanishqchess"]
[Result "0-1"]
[ICCResult "White checkmated"]
[WhiteElo "1339"]
[BlackElo "1437"]
[Opening "Giuoco Pianissimo: Italian four knights variation"]
[ECO "C55"]
[NIC "IG.01"]
[Time "11:05:05"]
[TimeControl "5400+10"]

1. e4 e5 2. Nf3 Nc6 3. Bc4 Nf6 4. Nc3 Bc5 5. d3 h6 6. h3 O-O 7. O-O d6 8.
Be3 Bb6 9. Re1 Re8 10. Bb3 Bxe3 11. fxe3 Na5 12. d4 Qe7 13. Rc1 b6 14. Nd2
Bb7 15. Qf3 Rad8 16. a3 Nxb3 17. cxb3 c6 18. d5 cxd5 19. exd5 e4 20. Qf5 g6
21. Qf4 h5 22. Qg5 Qe5 23. Qxe5 Rxe5 24. Rf1 Nxd5 25. Nxd5 Rxd5 26. Nxe4 Re5
27. Nf6+ Kg7 28. Rc7 Bc8 29. Rd1 Kxf6 30. Rf1+ Bf5 31. g4 Rxe3 32. gxf5 g5
33. Rxa7 Rxh3 34. Re1 Rg3+ 35. Kf2 h4 36. b4 Rc8 37. Rd7 Rc2+ 38. Kf1 Rf3+
39. Kg1 Rxb2 40. Rxd6+ Kxf5 41. Rxb6 Kg4 42. Rb5 f5 43. a4 Kg3 44. Rf1 Rg2+
45. Kh1 Rxf1# {White checkmated} 0-1

[Event "ICC tourney 1992 (90 10)"]
[Site "Internet Chess Club"]
[Date "2020.09.07"]
[Round "5"]
[White "ama2024"]
[Black "SeannDSpeyer"]
[Result "1/2-1/2"]
[ICCResult "Game drawn by mutual agreement"]
[WhiteElo "1542"]
[BlackElo "1396"]
[Opening "Queen's pawn"]
[ECO "A40"]
[NIC "QO.17"]
[Time "11:05:03"]
[TimeControl "5400+10"]

1. d4 e6 2. Bf4 d5 3. e3 c5 4. c3 Nc6 5. Nf3 Qb6 6. Qc2 Nf6 7. Nbd2 Be7 8.
Be2 O-O 9. O-O Bd7 10. Rab1 Rac8 11. Qd1 cxd4 12. exd4 Na5 13. Ne5 Bb5 14.
Bg5 Bxe2 15. Qxe2 Qc7 16. Qb5 Nc6 17. f4 a6 18. Qe2 h6 19. Bh4 Nd7 20. Bxe7
Nxe7 21. Ndf3 Ng6 22. Nxg6 fxg6 23. Ne5 Nxe5 24. fxe5 Qe7 25. Qg4 Kh7
{Game drawn by mutual agreement}
1/2-1/2

[Event "ICC tourney 1992 (90 10)"]
[Site "Internet Chess Club"]
[Date "2020.09.07"]
[Round "5"]
[White "kanishksinghus"]
[Black "chess27"]
[Result "1/2-1/2"]
[ICCResult "Game drawn by mutual agreement"]
[WhiteElo "1423"]
[BlackElo "1510"]
[Opening "Caro-Kann: closed (Breyer) variation"]
[ECO "B10"]
[NIC "CK.01"]
[Time "11:04:47"]
[TimeControl "5400+10"]

1. e4 c6 2. d3 d5 3. Nd2 Nf6 4. Ngf3 Bg4 5. h3 Bxf3 6. Qxf3 dxe4 7. dxe4 e5
8. Bd3 Nbd7 9. O-O Nc5 10. Nc4 Nxd3 11. cxd3 Bd6 12. Qg3 Qe7 13. Nxd6+ Qxd6
14. Qxg7 Rg8 15. Qh6 Rg6 16. Qe3 O-O-O 17. Rd1 Rdg8 18. Qf3 Rxg2+ 19. Qxg2
Rxg2+ 20. Kxg2 Nxe4 21. Be3 Nc5 22. Bxc5 Qxc5 23. Kg1 Qd4 24. b3 Qh4 25. Kg2
e4 26. dxe4 Qxe4+ 27. Kg1 Qf3 28. Re1 Qxh3 29. Re3 Qg4+ 30. Kf1 h5 31. Rg3
Qd4 32. Re1 Kc7 33. Re7+ Kb6 34. Rxf7 h4 35. Re3 Qd1+
{Game drawn by mutual agreement}
1/2-1/2

[Event "ICC tourney 1992 (90 10)"]
[Site "Internet Chess Club"]
[Date "2020.09.07"]
[Round "5"]
[White "Florina12345"]
[Black "lemonbar"]
[Result "1-0"]
[ICCResult "Black checkmated"]
[WhiteElo "1496"]
[BlackElo "1060"]
[Opening "Scotch: Mieses variation"]
[ECO "C45"]
[NIC "SO.04"]
[Time "11:04:56"]
[TimeControl "5400+10"]

1. e4 e5 2. Nf3 Nc6 3. d4 exd4 4. Nxd4 Nf6 5. Nxc6 bxc6 6. e5 Qe7 7. Qe2 Nd5
8. c4 Nb6 9. b3 Ba6 10. f4 Qe6 11. Qe3 Bb4+ 12. Bd2 Bxd2+ 13. Nxd2 Bb7 14.
Bd3 d5 15. O-O dxc4 16. Nxc4 Nxc4 17. Bxc4 Qd7 18. Rad1 Qe7 19. f5 Rd8 20.
Qg3 Qc5+ 21. Kh1 Rxd1 22. Rxd1 Qf8 23. Qg5 f6 24. Qh4 Bc8 25. e6 g6 26. Qe4
gxf5 27. Qxc6+ Ke7 28. Qxc7+ Ke8 29. Rd8# {Black checkmated} 1-0

[Event "ICC tourney 1992 (90 10)"]
[Site "Internet Chess Club"]
[Date "2020.09.07"]
[Round "5"]
[White "DavidNest"]
[Black "ChunkyApple"]
[Result "1/2-1/2"]
[ICCResult "Game drawn by mutual agreement"]
[WhiteElo "1263"]
[BlackElo "1273"]
[Opening "Réti accepted"]
[ECO "A09"]
[NIC "RE.19"]
[Time "11:04:57"]
[TimeControl "5400+10"]

1. Nf3 d5 2. c4 dxc4 3. e3 Nf6 4. Bxc4 Bg4 5. Qb3 e6 6. Qxb7 Nbd7 7. Bb5 Bd6
8. Bc6 Rc8 9. Qxa7 O-O 10. Qa4 Nc5 11. Qd1 Nd3+ 12. Ke2 Ne5 13. Qc2 Bf5 14.
e4 Bg6 15. Nxe5 Bxe5 16. f3 Qd4 17. Qd3 Rfd8 18. Qxd4 Rxd4 19. b3 Rd6 20.
Nc3 Rxc6 21. Bb2 Nd7 22. Rab1 h6 23. Nb5 Rc2 24. Bxe5 Nxe5 25. Nc3 Rd8 26.
Rhd1 Nd3 27. a4 f5 28. exf5 Bxf5 29. g3 Nb4 30. a5 Na2 31. Nxa2 Rxa2 32. Ra1
Rxa1 33. Rxa1 Bd3+ 34. Ke3 Ba6 35. b4 Rd3+ 36. Ke4 Rxd2 37. h4 Kf7 38. Rb1
Bd3+ 39. Ke3 Bxb1 40. Kxd2 Ba2 41. Kc3 Bd5 42. f4 Ke7 43. Kd4 Kd6 44. b5 c5+
45. Kc3 {Game drawn by mutual agreement} 1/2-1/2